 Dungeon Crawl Stone Soup version 0.29.1-15-g9cfb28693d (webtiles) character file.

Game seed: 3042175254285262572

224 Artool the Trooper (level 5, -1/43 HPs)
             Began as a Demonspawn Fighter on Apr 6, 2023.
             Slain by an orc
             ... wielding a +0 hand axe
              (3 damage)
             ... on level 3 of the Dungeon.
             The game lasted 00:03:19 (3778 turns).

Artool the Trooper (Demonspawn Fighter)             Turns: 3778, Time: 00:03:19

Health: -1/43      AC:  8    Str: 18    XL:     5   Next: 67%
Magic:  5/5        EV:  9    Int:  9    God:
Gold:   103        SH:  0    Dex: 15    Spells: 4/4 levels left

rFire   . . .      SeeInvis .   a - +0 flail
rCold   . . .      Faith    .   c - +0 buckler
rNeg    . . .      Spirit   .   b - +0 scale mail
rPois   .          Reflect  .   (no helmet)
rElec   .          Harm     .   t - +0 cloak
rCorr   .          Rampage  .   (no gloves)
Will    .....                   (no boots)
Stlth   ..........              (no amulet)
HPRegen 0.14/turn               (no ring)
MPRegen 0.09/turn               (no ring)

@: confused
A: thin skeletal structure 1
a: no special abilities


You were on level 3 of the Dungeon.
You visited 1 branch of the dungeon, and saw 5 of its levels.

You collected 103 gold pieces.

Inventory:

Hand Weapons
 a - a +0 flail (weapon)
Missiles
 j - a poisoned dart (quivered)
Armour
 b - a +0 scale mail (worn)
 c - a +0 buckler (worn)
 t - a +0 cloak (worn)
Jewellery
 k - a ring of magical power
Wands
 B - a wand of mindburst (17)
Scrolls
 f - a scroll of fear {unknown}
 h - 5 scrolls of identify {unknown}
 m - a scroll of acquirement {unknown}
 o - a scroll of enchant armour {unknown}
 q - a scroll of noise {unknown}
 v - a scroll of poison {unknown}
 w - a scroll of amnesia {unknown}
 y - a scroll of enchant weapon {unknown}
 A - a scroll of magic mapping {unknown}
Potions
 d - a potion of might
 e - 4 potions of degeneration {unknown}
 g - 3 potions of haste {unknown}
 i - a potion of experience {unknown}
 l - a potion of resistance {unknown}
 n - 2 potions of magic {unknown}
 p - a potion of cancellation {unknown}
 r - 2 potions of invisibility {unknown}
 s - 3 potions of attraction {unknown}
 u - a potion of curing {unknown}
 x - a potion of flight {unknown}
 z - a potion of mutation {unknown}


   Skills:
 + Level 4.4 Fighting
 + Level 3.4 Maces & Flails
 + Level 4.0 Armour
 - Level 2.6 Shields


You had 4 spell levels left.
You didn't know any spells.
Your spell library contained the following spells:

 Spells                   Type           Power      Damage    Failure   Level
 Scorch                   Fire           0%         2d5       94%         2
 Flame Wave               Conj/Fire      0%         2d4       100%        4
 Summon Cactus Giant      Summ           0%         N/A       100%        6


Dungeon Overview and Level Annotations

Branches:
Dungeon (5/15)
 Temple: D:4-7

Altars:
Okawaru
Vehumet

Annotations:
D:4 exclusion: statue


Innate Abilities, Weirdness & Mutations

You have a somewhat thin skeletal structure. (Dex +2, Stealth+)


Message History

The orc wizard points at you and mumbles some strange words.
You are confused.
There are monsters nearby!
You are too confused!
The orc attacks as you move away! The orc hits you but does no damage.
You bump into the rock wall.
The orc hits you but does no damage.
Found a bone wand.
The orc barely misses you. The orc wizard barely misses you.
The orc hits you but does no damage. The orc hits you with a +0 dagger.
You're too confused to move!
The orc hits you with a +0 hand axe.
The orc wizard points at you and mumbles some strange words.
You are more confused.
The orc hits you but does no damage. The orc attacks as you move away!
The orc hits you but does no damage.
The orc wizard points at you and mumbles some strange words.
The puff of flame hits you!
The orc priest looks encouraged for a moment.
There is a stone staircase leading up here.
The orc wizard gestures at you while chanting.
You are more confused.
The orc closely misses you.
The orc priest calls down the wrath of Beogh upon you.
Beogh smites you!
* * * LOW HITPOINT WARNING * * *
The orc hits you with a +0 dagger.
* * * LOW HITPOINT WARNING * * *
You climb upwards.
There is a stone staircase leading down here.
You are too injured to fight recklessly!
You are too injured to fight recklessly!
You are too injured to fight recklessly!
You bump into the closed door.
The orc hits you but does no damage. x2
The orc wizard hits you but does no damage.
The orc attacks as you move away! The orc hits you but does no damage.
The orc wizard attacks as you move away!
The orc wizard hits you with a +0 dagger.
* * * LOW HITPOINT WARNING * * *
The orc hits you but does no damage.
You closely miss the orc. The orc hits you but does no damage.
You bump into the rock wall.
The orc hits you with a +0 hand axe.
You die...

#.#.###.....###.....#.....#.#
#.####.....###.....##.#####.#
#.###.....###.....###.#####.#
#..####'#######'#####.##.##.#
......................#...#.#
.........+.........+........#
......####.........#.##...#.#
#..#.## ##.....o.##.###.##.##
##.### ##...o@###.# ###...#
#.# ##..o## #.# #.....# #.#
##+## #.# #.#...# #.# #.# #.#
#.##.## #.# #.# #.###.##.#
#.# ##.## #........# ##.###
##...## #####.#### .....#
###.....# #.# ##.#.#
#......########.#


You could see an orc wizard and 2 orcs.

Vanquished Creatures
  An orc wizard (D:3)
  An iguana (D:4)
  7 gnolls
  4 adders
  An ufetubus (D:4)
  A dart slug (D:2)
  An orc (D:4)
  6 ball pythons
  3 bats
  7 endoplasms
  4 giant cockroaches (D:2)
  5 goblins
  5 hobgoblins
  6 quokkas
  A frilled lizard (D:3)
  6 kobolds
  5 rats
64 creatures vanquished.

Notes
Turn   | Place    | Note
-------+----------+-------------------------------------------
     0 | D:1      | Artool the Demonspawn Fighter began the quest for the Orb.
     0 | D:1      | Reached XP level 1. HP: 18/18 MP: 1/1
   293 | D:1      | Gained mutation: You have a somewhat thin skeletal
                  | structure. (Dex +2, Stealth+) [demonic ancestry]
   293 | D:1      | Reached XP level 2. HP: 19/24 MP: 2/2
   743 | D:2      | Reached XP level 3. HP: 29/29 MP: 3/3
  1252 | D:2      | Reached XP level 4. HP: 37/37 MP: 4/4
  2176 | D:3      | Found an iron altar of Okawaru.
  2801 | D:5      | Entered Level 5 of the Dungeon
  3007 | D:5      | Reached XP level 5. HP: 22/42 MP: 5/5
  3416 | D:4      | Found a radiant altar of Vehumet.
  3416 | D:4      | Noticed a frost-covered statue
  3776 | D:3      | HP: 2/43 [orc wizard/+0 dagger (4)]
  3778 | D:3      | Slain by an orc

Illustrated notes

Levels and vault maps discovered:
D:1:      dpeg_chamrin_arrival_tetris, layout_basic
D:2:      layout_loops_cross, corexii_leaking_fountain, st_stairs_5,
          minmay_nonomino_d4
D:3:      layout_loops_corners, kennysheep_okawaru_gauntlet,
          minmay_quadrilaterals
D:4:      minmay_general_purpose_star, layout_basic,
          gammafunk_temple_overflow_wave, vehumet_statue, grunt_decor_cap
D:5:      kennysheep_windowed_halls, layout_loops_ring,
          mainiacjoe_overflow_chevrons, cheibriados_altar_1, uniq_edmund

Skill      XL: |  1  2  3  4  5 |
---------------+----------------+-----
Maces & Flails | 2 3 |  3.4
Armour         | 3 4 |  4.0
Fighting       | 4 |  4.4
Shields        | |  2.6

Action                   |  1- 3 |  4- 6 || total
-------------------------+-------+-------++-------
Melee: Flail             |    92 |   112 ||   204
Throw: Dart              |       |     4 ||     4
 Stab: Distracted        |     1 |       ||     1
Armor: Scale mail        |    44 |    67 ||   111
Dodge: Dodged            |    44 |    64 ||   108
Block: Buckler           |    26 |    32 ||    58
